 Dungeon Crawl Stone Soup version 0.29.1-12-g30fa7ad0bf (webtiles) character file.

Game seed: 7958627690768495366

74 croobank the Conjurer (level 4, -4/32 HPs)
             Began as a Demonspawn Conjurer on Dec 16, 2022.
             Constricted to death by Robin (5 damage)
             ... on level 3 of the Dungeon.
             The game lasted 00:09:20 (2796 turns).

croobank the Conjurer (Demonspawn Conjurer)         Turns: 2796, Time: 00:09:21

Health: -4/32      AC:  2    Str:  8    XL:     4   Next: 10%
Magic:  0/7        EV:  9    Int: 21    God:
Gold:   153        SH:  5    Dex: 11    Spells: 2/8 levels left

rFire   . . .      SeeInvis .   a - +0 dagger
rCold   . . .      Faith    .   (no shield)
rNeg    . . .      Spirit   .   m - +0 robe
rPois   .          Reflect  +   (no helmet)
rElec   .          Harm     .   (no cloak)
rCorr   .          Rampage  .   (no gloves)
Will    .....                   (no boots)
Stlth   ++........              c - amulet of reflection
HPRegen 0.10/turn               (no ring)
MPRegen 0.20/turn               (no ring)

@: grasped by roots, very slightly contaminated, constricted
A: magic regeneration, demonic touch 2
a: no special abilities


You were on level 3 of the Dungeon.
You visited 1 branch of the dungeon, and saw 3 of its levels.

You collected 153 gold pieces.

Inventory:

Hand Weapons
 a - a +0 dagger (weapon)
Armour
 m - a +0 robe (worn)
Jewellery
 c - an amulet of reflection (around neck)
 k - a ring of fire
Scrolls
 e - a scroll of teleportation {unknown}
 i - a scroll of enchant armour {unknown}
 j - a scroll of summoning {unknown}
 l - 3 scrolls of identify {unknown}
 o - a scroll of noise {unknown}
Potions
 f - 2 potions of lignification {unknown}
 g - a potion of brilliance {unknown}
 h - 2 potions of attraction {unknown}
 n - a potion of curing {unknown}


   Skills:
 + Level 1.2 Fighting
 + Level 2.3 Dodging
 + Level 2.5 Stealth
 + Level 2.5 Spellcasting
 + Level 4.3 Conjurations


You had 2 spell levels left.
You knew the following spells:

 Your Spells              Type           Power      Damage    Failure   Level
a - Magic Dart            Conj           84%        1d7       2%          1
b - Searing Ray           Conj           42%        2d6       3%          2
c - Dazzling Flash        Conj/Hex       22%        N/A       17%         3

Your spell library contained the following spells:

 Spells                   Type           Power      Damage    Failure   Level
 Shock                    Conj/Air       44%        1d5       5%          1
 Beastly Appendage        Tmut           4%         N/A       14%         1
 Slow                     Hex            8%         N/A       14%         1
 Summon Small Mammal      Summ           8%         N/A       14%         1
 Confusing Touch          Hex            2%         N/A       38%         3
 Vampiric Draining        Necr           2%         2d6       38%         3
 Fulminant Prism          Conj/Hex       5%         3d7       50%         4
 Iskenderun's Mystic Bla  Conj/Tloc      11%        2d4       50%         4


Dungeon Overview and Level Annotations

Branches:
Dungeon (3/15)

Altars:
Uskayaw

Annotations:
D:3 Robin


Innate Abilities, Weirdness & Mutations

You regenerate magic rapidly.
Your touch may inflict irresistible damage on your foes.


Message History

The goblin hits you with a +2 dagger of protection.
Robin zaps a wand.
The roots erupt in riotous growth!
The grasping roots grab you!
The goblin is unaffected.
Robin is unaffected.
The grasping roots constrict you.
You barely miss Robin.
Robin is lightly wounded.
The goblin hits you with a +2 dagger of protection.
Robin barely misses you. The grasping roots constrict you.
You barely miss Robin.
Robin is lightly wounded.
The goblin hits you with a +2 dagger of protection.
Robin hits you with a +0 whip. The grasping roots constrict you!
* * * LOW HITPOINT WARNING * * *
The grasping roots release their grip on you.
Casting: Dazzling Flash (quite dangerous; 17% risk of failure)
Confirm with . or Enter, or press ? or * to list all spells.
Aiming: Magic Dart (safe; 2% risk of failure)
Press: ? - help, Shift-Dir - straight line, f - Robin
Aim: Robin, wielding a +0 whip, wearing a +1 animal skin, wearing a +0 helmet and carrying a wand of roots (2) (lightly wounded, 100% to hit)
The magic dart hits Robin but does no damage.
Robin is lightly wounded.
The goblin hits you with a +2 dagger of protection.
* * * LOW HITPOINT WARNING * * *
Robin roars a battlecry!
The goblin goes into a battle-frenzy!
You hear an angry hiss.
Okay, then.
Casting: Magic Dart (safe; 2% risk of failure)
Confirm with . or Enter, or press ? or * to list all spells.
Okay, then.
You hit Robin.
Robin is moderately wounded.
The goblin hits you with a +2 dagger of protection.
* * * LOW HITPOINT WARNING * * *
Robin zaps a wand.
The roots erupt in riotous growth!
The grasping roots grab you!
The goblin is unaffected.
Robin is unaffected.
The grasping roots constrict you.
You die...

###..###.###>.####..#
##. #..#
#............. ...
#..#######..######
.............# ##.
#########.# #.# #?#
#g# #@# #g# #)# ####
..# #... .## #.## #.
#.# #. #.# #S #.##
##...


You could see Robin, an adder and a goblin (strong).

Vanquished Creatures
  An adder (D:3)
  A worm (D:2)
  4 dart slugs (D:1)
  4 ball pythons
  2 bats
  3 endoplasms
  2 giant cockroaches (D:1)
  8 goblins
  2 hobgoblins (D:3)
  6 jackals (D:2)
  2 quokkas
  4 frilled lizards
  4 kobolds
  9 rats
52 creatures vanquished.

Notes
Turn   | Place    | Note
-------+----------+-------------------------------------------
     0 | D:1      | croobank the Demonspawn Conjurer began the quest for the
                  | Orb.
     0 | D:1      | Reached XP level 1. HP: 13/13 MP: 3/3
   460 | D:1      | Gained mutation: Your touch may inflict minor irresistible
                  | damage on your foes. [demonic ancestry]
   460 | D:1      | Reached XP level 2. HP: 19/19 MP: 3/5
   463 | D:1      | Learned a level 2 spell: Searing Ray
  1367 | D:2      | Found a faded altar of an unknown god.
  1372 | D:2      | Gained mutation: You regenerate magic rapidly. [demonic
                  | ancestry]
  1372 | D:2      | Reached XP level 3. HP: 19/25 MP: 3/6
  1456 | D:2      | Got First Steps in Theurgy
  2215 | D:2      | Learned a level 3 spell: Dazzling Flash
  2494 | D:3      | Reached skill level 1 in Fighting
  2598 | D:3      | Noticed a +0 spear
  2599 | D:3      | Noticed a +0 short sword
  2599 | D:3      | Noticed a +0 spear
  2599 | D:3      | Noticed a +0 falchion
  2600 | D:3      | Noticed a +0 falchion
  2601 | D:3      | Noticed a +0 dagger
  2601 | D:3      | Noticed a +0 dagger
  2603 | D:3      | Noticed a +0 short sword
  2610 | D:3      | Found a hide-covered altar of Uskayaw.
  2773 | D:3      | Noticed Robin
  2777 | D:3      | Gained mutation: Your touch may inflict irresistible damage
                  | on your foes. [demonic ancestry]
  2777 | D:3      | Reached XP level 4. HP: 26/32 MP: 7/7
  2796 | D:3      | HP: 1/32 [goblin/+2 dagger of protection[Robin] (5)]
  2796 | D:3      | Constricted to death by Robin

Illustrated notes

Levels and vault maps discovered:
D:1:      erik_arrival_triangle_large, layout_rooms
D:2:      layout_rooms, shapermc_ecumenical_altar_notcrosses
D:3:      layout_loops_ring, nicolae_uskayaw_en_pointe, uniq_robin

Skill      XL: |  1  2  3 |
---------------+----------+-----
Dodging        | 2 |  2.3
Stealth        | 2 |  2.5
Fighting       | 1 |  1.2
Spellcasting   | |  2.5
Conjurations   | |  4.3

Action                   |  1- 3 |  4- 6 || total
-------------------------+-------+-------++-------
Melee: Unarmed           |    60 |       ||    60
       Punch             |     1 |       ||     1
       Touch             |     3 |       ||     3
       Dagger            |     5 |     8 ||    13
 Cast: Magic Dart        |    52 |     1 ||    53
       Searing Ray       |    15 |     2 ||    17
       Dazzling Flash    |       |     1 ||     1
  Use: Potion            |       |     3 ||     3
 Stab: Sleeping          |     1 |       ||     1
Armor: Robe              |    14 |     1 ||    15
Dodge: Dodged            |    52 |    10 ||    62
Block: Other             |     8 |     2 ||    10
